[Event "Late-Titled-Tuesday-Blitz-April-16-2024"]
[Site "Chess.com"]
[Date "2024.04.16"]
[Round "4"]
[White "Fins0905"]
[Black "DenLaz"]
[Result "0-1"]
[WhiteElo "2773"]
[BlackElo "3107"]
[TimeControl "180+1"]
[EndTime "14:36:59 PDT"]
[Termination "DenLaz won by checkmate"]

1. Nf3 f5 2. d4 Nf6 3. g3 g6 4.
Bg2 Bg7 5. O-O O-O 6. b3 d6 7. Bb2 c6 8. Nbd2 a5 9. a3 Na6 10. c4 Qe8 11. Qc2 Bd7 12. Rae1 b5 13. e4 fxe4 14. Nxe4 bxc4 15. Nxd6 Qd8 16. Qxc4+ Nd5 17.
Nb7 Qc7 18. Nc5 Nxc5 19. Qxc5 Rab8 20. Ng5 Qd6 21. Bxd5+ Qxd5 22. Qxd5+ cxd5 23. Rxe7 Bf5 24. Ra7 Rxb3 25. Ba1 Rxa3 26. Re1 h6 27. Ne6 Bxe6 28.
Rxe6 Rxa1+ 29. Kg2 Ra2 30. Rxg6 Rf7 31. Ra8+ Kh7 32.
Rd6 Rfxf2+ 33. Kh3 Rxh2+ 34. Kg4 Ra4 35. Rxd5 Bxd4 36.
Raxa5 Rc4 37. Rd7+ Bg7+ 38. Kf3 Rc3+ 39. Kg4 Rg2 40.
Raa7 Rcxg3+ 41. Kh4 Rg5 42. Kh3 Rg1 43. Kh2 R1g4 44.
Kh3 h5 45. Rab7 Rg6 46. Ra7 Kh6 47. Rab7 Rg3+ 48. Kh2 Rg2+ 49. Kh1 Rg1+ 50. Kh2 Be5+ 51. Kh3 Rh1# 0-1

[Event "Late-Titled-Tuesday-Blitz-April-16-2024"]
[Site "Chess.com"]
[Date "2024.04.16"]
[Round "4"]
[White "Hasangatin_Ramil"]
[Black "emeli_chess"]
[Result "1-0"]
[WhiteElo "2635"]
[BlackElo "2458"]
[TimeControl "180+1"]
[EndTime "14:36:59 PDT"]
[Termination "Hasangatin_Ramil won by resignation"]

1. e4 e5 2. Nf3 Nc6 3. d4 exd4 4. Nxd4 Bc5 5. Be3 Qf6 6. c3 Nge7 7. Bc4 O-O 8. Nxc6 Qxc6 9. Bxc5 Qxc5 10. Qd4 Qg5 11. O-O d6 12. f4 Qh6 13. Nd2 Be6 14.
Bd3 f5 15. Rae1 Nc6 16. Qf2 fxe4 17. Nxe4 Bf5 18. Bc4+ Kh8 19. Ng3 a6 20. Bd5 Bd3 21. Ne2 Rae8 22. Qf3 Bxe2 23. Rxe2 Rxe2 24. Qxe2 Qf6 25.
Bxc6 bxc6 26. Qxa6 d5 27. Qe2 h6 28. Qe5 Qxe5 29.
fxe5 Re8 30. Re1 Kg8 31. e6 Kf8 32. Rf1+ Kg8 33. Re1 Kf8 34. a4 Ke7 35. b4 Kd6 36. Kf2 c5 37. b5 c4 38. e7 c5 39. bxc6 Kxc6 40. Re3 Kc5 41. Ke2 d4 42. Re5+ Kd6 43. cxd4 Rxe7 44. Rxe7 Kxe7 45. Kd2 Kd6 46. Kc3 1-0

[Event "Late-Titled-Tuesday-Blitz-April-16-2024"]
[Site "Chess.com"]
[Date "2024.04.16"]
[Round "4"]
[White "mishanick"]
[Black "bascheyaro"]
[Result "1-0"]
[WhiteElo "3050"]
[BlackElo "2830"]
[TimeControl "180+1"]
[EndTime "14:37:00 PDT"]
[Termination "mishanick won by resignation"]

1. d4 d5 2. c4 c6 3. Nc3 Nf6 4. Nf3 a6 5. c5 Bf5 6. Bf4 Nbd7 7. h3 h6 8. e3 g5 9. Bh2 Bg7 10. Bd3 Bxd3 11. Qxd3 O-O 12. Ne5 Nxe5 13. Bxe5 Nd7 14. Bxg7 Kxg7 15. h4 e5 16. O-O-O e4 17. Qe2 f5 18.
hxg5 hxg5 19. Rh5 Rh8 20. Rdh1 Qe7 21. f4 g4 22. Rg5+ Kf6 23. Qe1 Ke6 24. Ne2 Rag8 25. Rxg8 Rxg8 26. Ng3 Nf6 27. Rh6 Qf7 28. Qh1 Rg6 29.
Rh8 Rg8 30. Qh6 Rg6 31. Qh4 Rg8 32. Kd2 Qf8 33. Rh6 Qf7 34. Nh5 Rg6 35. Rh8 Rg8 36.
Nxf6 Rxh8 37. Qxh8 Qxf6 38. Qc8+ Kf7 39. Qxb7+ Kg6 40.
Qxa6 g3 41. Qc8 Kh6 42. b4 Qg6 43. Qh8+ Qh7 44. Qxh7+ Kxh7 45. b5 1-0

[Event "Late-Titled-Tuesday-Blitz-April-16-2024"]
[Site "Chess.com"]
[Date "2024.04.16"]
[Round "4"]
[White "Nechitaylo_Nikita"]
[Black "wild3000"]
[Result "0-1"]
[WhiteElo "2291"]
[BlackElo "2488"]
[TimeControl "180+1"]
[EndTime "14:37:00 PDT"]
[Termination "wild3000 won by checkmate"]

1. d4 d5 2. c4 dxc4 3. e3 e6 4. Bxc4 Nf6 5. Nf3 Be7 6. O-O O-O 7. Nc3 a6 8. Bb3 b5 9. a4 b4 10. Ne2 a5 11. Ng3 Nbd7 12. e4 Ba6 13. Re1 c5 14. e5 Nd5 15. Bxd5 exd5 16. e6 Nf6 17. Nf5 Ne4 18.
exf7+ Rxf7 19. Nxe7+ Qxe7 20. dxc5 Qxc5 21. Be3 Qd6 22. Qd4 Raf8 23. Rad1 Bb7 24. Ne5 Rf5 25. f3 Qxe5 26. Qxe5 Rxe5 27. fxe4 Rxe4 28. Bb6 Rfe8 29. Rxe4 Rxe4 30. Bxa5 b3 31. Bb6 Rxa4 32. Rf1 h6 33.
Bc5 Rc4 34. Rf8+ Kh7 35. Bd6 Rc1+ 36. Rf1 Rc2 37. Be5 Re2 38. Bc3 d4 39. Bxd4 Rxg2+ 40. Kh1 Rg4+ 41. Rf3 Bxf3# 0-1

[Event "Late-Titled-Tuesday-Blitz-April-16-2024"]
[Site "Chess.com"]
[Date "2024.04.16"]
[Round "4"]
[White "egnfanclub"]
[Black "JaackCamel"]
[Result "1-0"]
[WhiteElo "2373"]
[BlackElo "2227"]
[TimeControl "180+1"]
[EndTime "14:37:01 PDT"]
[Termination "egnfanclub won on time"]

1. e4 e6 2. d4 d5 3. Nc3 Bb4 4. Ne2 dxe4 5. a3 Be7 6. Nxe4 Nf6 7. N2c3 Nbd7 8. Bd3 O-O 9. Qe2 c5 10. Be3 cxd4 11. Bxd4 e5 12. Be3 Qa5 13. O-O-O Nxe4 14. Bxe4 Nf6 15. Bf3 Bxa3 16. Nd5 Be6 17. Nxf6+ gxf6 18. bxa3 Rfd8 19. Kb2 Rdc8 20. Qd2 Qa6 21. Bd5 Bxd5 22.
Qxd5 Rc4 23. Rd3 Rac8 24. Rc1 Qa4 25. Rb3 b6 26. Qb5 Qxb5 27. Rxb5 Kg7 28. Rb3 f5 29. g3 h5 30. c3 1-0

[Event "Late-Titled-Tuesday-Blitz-April-16-2024"]
[Site "Chess.com"]
[Date "2024.04.16"]
[Round "4"]
[White "xasid81"]
[Black "cedchass2006"]
[Result "1-0"]
[WhiteElo "2648"]
[BlackElo "2399"]
[TimeControl "180+1"]
[EndTime "14:37:02 PDT"]
[Termination "xasid81 won on time"]

1. e4 e5 2. Nf3 Nf6 3. Nxe5 Nxe4 4. Qe2 Qe7 5. Qxe4 d6 6. d4 dxe5 7. Qxe5 Qxe5+ 8. dxe5 Nc6 9. Bb5 Bd7 10. Bxc6 Bxc6 11. O-O O-O-O 12. Nc3 Bb4 13. Re1 Rhe8 14. Bg5 Rd4 15.
h3 Bxc3 16. bxc3 Rc4 17. Re3 h6 18. Bxh6 gxh6 19. Rae1 Re6 20. Rg3 Rg6 21. Ree3 Re4 22. Rxe4 Bxe4 23. Rxg6 Bxg6 24. f4 Bxc2 25. Kf2 Kd7 26.
g4 Bb1 27. a3 Ke6 28. Ke3 Kd5 29. h4 Bc2 30. Kf3 Bd1+ 31. Kg3 Ke4 32. h5 b5 33. g5 Bxh5 34. gxh6 Bg6 35. Kg4 c5 36.
Kg5 a5 37. e6 b4 38. exf7 Bxf7 39. h7 bxc3 40. h8=Q c2 41. Qh7+ 1-0

[Event "Late-Titled-Tuesday-Blitz-April-16-2024"]
[Site "Chess.com"]
[Date "2024.04.16"]
[Round "4"]
[White "Eloist"]
[Black "chess_sharparchitect"]
[Result "1-0"]
[WhiteElo "2475"]
[BlackElo "2241"]
[TimeControl "180+1"]
[EndTime "14:37:02 PDT"]
[Termination "Eloist won by checkmate"]

1. e4 c5 2. Nf3 d6 3. Bb5+ Nd7 4.
O-O Nf6 5. Re1 a6 6. Bf1 g6 7. c3 Bg7 8. d4 cxd4 9. cxd4 e5 10. Nc3 O-O 11. h3 exd4 12. Qxd4 Ne8 13. Qd1 Nc5 14. Bg5 Qa5 15. Be7 Bxc3 16. bxc3 Qxc3 17.
e5 Bd7 18. exd6 Ne6 19. Ne5 Bc6 20. Rc1 Qa5 21. Nxc6 bxc6 22. Bc4 Nf4 23. Bxf8 Kxf8 24. d7 Qg5 25. Rxe8+ Rxe8 26. dxe8=Q+ Kxe8 27. g3 Nxh3+ 28. Kf1 Kf8 29. Qd6+ Kg7 30. Re1 Kh6 31. Qf8+ Kh5 32. Qxf7 Qc5 33. Re4 Nxf2 34. Rh4+ Kg5 35. Qf4# 1-0

[Event "Late-Titled-Tuesday-Blitz-April-16-2024"]
[Site "Chess.com"]
[Date "2024.04.16"]
[Round "4"]
[White "SpeedofLight0"]
[Black "Brown_Mamba24"]
[Result "1/2-1/2"]
[WhiteElo "3048"]
[BlackElo "2646"]
[TimeControl "180+1"]
[EndTime "14:37:03 PDT"]
[Termination "Game drawn by repetition"]

1. d4 Nf6 2. Nc3 c5 3. d5 e5 4. e4 a6 5. a4 d6 6. g3 h5 7. h3 h4 8. g4 Be7 9. Bg2 Nh7 10. f4 exf4 11. Bxf4 Bg5 12. Bh2 Qf6 13. e5 dxe5 14. Ne4 Qb6 15. a5 Qb4+ 16. c3 Qxb2 17. Ne2 O-O 18.
O-O Bd7 19. Qd3 c4 20. Qf3 f5 21. Nxg5 Nxg5 22. Qe3 f4 23. Qxe5 Nf7 24. Qxf4 Qxe2 25. Rae1 Qd3 26. Re7 Qg6 27. Be4 Qf6 28. Qe3 Qxe7 29.
Bh7+ Kxh7 30. Qxe7 Kg8 31. Bd6 Nc6 32. dxc6 Bxc6 33.
Bc5 Bd5 34. Qxh4 Rfe8 35. Qh5 Rad8 36. Bd4 Re2 37. Rf2 Re1+ 38. Rf1 Re2 39. Rxf7 Bxf7 40. Qg5 Rxd4 41. cxd4 c3 42. Qd8+ Kh7 43. Qh4+ Kg8 44. Qd8+ Kh7 45. Qh4+ Kg8 46. Qd8+ 1/2-1/2

[Event "Late-Titled-Tuesday-Blitz-April-16-2024"]
[Site "Chess.com"]
[Date "2024.04.16"]
[Round "4"]
[White "CarlosjPineror"]
[Black "AktilekAskarovich"]
[Result "1-0"]
[WhiteElo "2700"]
[BlackElo "2491"]
[TimeControl "180+1"]
[EndTime "14:37:04 PDT"]
[Termination "CarlosjPineror won by resignation"]

1. e4 c6 2. Nf3 d5 3. exd5 cxd5 4. Ne5 Nd7 5. Bb5 Nf6 6. O-O e6 7. d4 Be7 8. f4 O-O 9. Bd3 Ne4 10. Nd2 f5 11. c3 Ndf6 12. Ndf3 Bd7 13. Be3 Rc8 14. Nxd7 Nxd7 15. Qe2 a6 16. Rac1 b5 17. a4 bxa4 18.
Bxa6 Rc7 19. c4 Qb8 20. c5 Qb4 21. Rc2 Rb8 22. Bd2 Qb3 23. Bd3 Bf6 24. Ra1 Ra8 25. Be1 Kf7 26. Bb5 a3 27. bxa3 Rxa3 28. Rxa3 Qxa3 29.
g3 Qa1 30. Ra2 Qb1 31. Kg2 Rb7 32. Rb2 Qc1 33. c6 Rxb5 34. Qxb5 Nf8 35. Qb7+ Kg6 36. c7 Nd6 37. Qb6 Nd7 38. Qxd6 Qxb2+ 39. Bf2 Nb6 40. Qxb6 Qxb6 41. c8=Q Qb5 42. Qxe6 1-0

[Event "Late-Titled-Tuesday-Blitz-April-16-2024"]
[Site "Chess.com"]
[Date "2024.04.16"]
[Round "4"]
[White "fviana"]
[Black "Karttunen"]
[Result "0-1"]
[WhiteElo "2496"]
[BlackElo "2700"]
[TimeControl "180+1"]
[EndTime "14:37:05 PDT"]
[Termination "Karttunen won by resignation"]

1. e4 e5 2. Nf3 Nc6 3. Bb5 Nf6 4. d3 d6 5. O-O h6 6. c3 g6 7. Re1 Bg7 8. Nbd2 O-O 9. Nf1 a6 10. Ba4 b5 11. Bc2 Bb7 12. Ng3 Nb8 13. d4 Nbd7 14. a4 c6 15. h3 Re8 16. Be3 Qc7 17. Qd2 Kh7 18. b4 Rad8 19. axb5 cxb5 20. d5 Rc8 21. Ne2 Nb6 22. Bxb6 Qxb6 23. Bd3 Nxd5 24. exd5 e4 25.
Bxe4 Rxe4 26. Ned4 Bxd5 27. Rxe4 Bxe4 28. Ra3 Bb7 29. Qf4 Qc7 30. h4 Re8 31. Qd2 Qd7 32. Qf4 Re4 33. Qd2 Qg4 34. g3 Be5 35. Ra1 Rf4 36.
Nxe5 dxe5 0-1

[Event "Late-Titled-Tuesday-Blitz-April-16-2024"]
[Site "Chess.com"]
[Date "2024.04.16"]
[Round "4"]
[White "JiangoFett"]
[Black "ExchangeAB"]
[Result "1-0"]
[WhiteElo "2549"]
[BlackElo "2394"]
[TimeControl "180+1"]
[EndTime "14:37:05 PDT"]
[Termination "JiangoFett won by resignation"]

1. c4 c6 2. d4 d5 3. Nf3 Nf6 4. Nc3 dxc4 5. a4 Bf5 6. Ne5 Nbd7 7. Nxc4 Nb6 8. Ne5 a5 9. e3 Nfd7 10. Nf3 e6 11. e4 Bg6 12. h4 Bh5 13. Be3 Bb4 14.
Bd3 O-O 15. Qc2 c5 16. Rd1 cxd4 17. Bxd4 e5 18. Be3 Qe7 19. Be2 Rac8 20. O-O Nc4 21. Bg5 Qe6 22. Qb3 Ndb6 23. Nd5 f6 24. Nxb6 Qxb6 25.
Bxc4+ Bf7 26. Bxf7+ Rxf7 27. Be3 Qc6 28. Qd5 Qxa4 29.
Rc1 Rf8 30. Rc7 b5 31. Rfc1 g6 32. Rxf7 Rxf7 33. Rc7 Be7 34. Rxe7 Qd1+ 35. Qxd1 1-0

[Event "Late-Titled-Tuesday-Blitz-April-16-2024"]
[Site "Chess.com"]
[Date "2024.04.16"]
[Round "4"]
[White "noblerone"]
[Black "cukus"]
[Result "0-1"]
[WhiteElo "2484"]
[BlackElo "2336"]
[TimeControl "180+1"]
[EndTime "14:37:05 PDT"]
[Termination "cukus won by resignation"]

1. d4 Nf6 2. Nf3 g6 3. Bg5 Bg7 4. Nbd2 d5 5. e3 O-O 6. Bd3 c5 7. c3 Nc6 8. O-O Qb6 9. Qb3 Be6 10. h3 Nd7 11. Rfe1 f6 12. Bh4 Bf7 13. e4 dxe4 14.
Nxe4 Bxb3 15. axb3 cxd4 16. c4 Nce5 17. Be2 Nxf3+ 18. Bxf3 Ne5 19. Bd1 d3 20. Nc3 e6 21.
Bg3 Rfd8 22. Na4 Qc6 23. f4 Nf7 24. Bf3 Qd6 25. Red1 Rab8 26. Nc3 f5 27. Bf2 Bd4 28. Nb5 Bxf2+ 29. Kxf2 Qc5+ 30. Kf1 a6 31. Nc3 Rd4 32. g3 Nd6 33. Kg2 Ne4 34. Na4 Qb4 35. Ra3 Nd2 36. Nc3 Nxb3 37. Ra4 Qb6 38. h4 Nc5 39. Ra2 Rxc4 40.
h5 Rb4 41. Rd2 Ne4 42. Bxe4 fxe4 43. Nd1 e3 44. Rxd3 e2 0-1

[Event "Late-Titled-Tuesday-Blitz-April-16-2024"]
[Site "Chess.com"]
[Date "2024.04.16"]
[Round "4"]
[White "biostatistician"]
[Black "DrVelja"]
[Result "0-1"]
[WhiteElo "2624"]
[BlackElo "3012"]
[TimeControl "180+1"]
[EndTime "14:37:06 PDT"]
[Termination "DrVelja won by resignation"]

1. d4 Nf6 2. Nf3 g6 3. c4 Bg7 4. Nc3 O-O 5. e4 d6 6. Be2 Bg4 7. Be3 e5 8. d5 a5 9. Nd2 Bd7 10. O-O Na6 11. a3 h5 12. f3 Nh7 13. Rb1 f5 14. b4 b6 15. c5 axb4 16. axb4 bxc5 17.
Bxa6 cxb4 18. Bb7 Ra3 19. Rb3 Rxb3 20. Qxb3 bxc3 21. Qxc3 Rf7 22. Rc1 Be8 23. Bc6 Bf6 24. Nb3 Bxc6 25. dxc6 Bg5 26. Na5 Bxe3+ 27. Qxe3 Qg5 28.
Qxg5 Nxg5 29. Nb7 Ne6 30. exf5 gxf5 31. Ra1 Nd4 32. Ra8+ Kg7 33. Nd8 Rf8 34. Rc8 Kf6 35. Rxc7 Rxd8 36. Rh7 Nxc6 37. Rxh5 Nd4 38. Rh6+ Kg7 39.
Rh5 Kg6 40. Rh4 f4 41. Rg4+ Kf6 42. h4 Rh8 43. Kh2 Nf5 44. Kh3 d5 0-1

[Event "Late-Titled-Tuesday-Blitz-April-16-2024"]
[Site "Chess.com"]
[Date "2024.04.16"]
[Round "4"]
[White "JaloliddinIlkhomi"]
[Black "maximnovik"]
[Result "0-1"]
[WhiteElo "2775"]
[BlackElo "2574"]
[TimeControl "180+1"]
[EndTime "14:37:06 PDT"]
[Termination "maximnovik won on time"]

1. Nf3 Nf6 2. c4 c5 3. g3 b6 4.
Bg2 Bb7 5. Nc3 g6 6. O-O Bg7 7.
b3 O-O 8. Bb2 d6 9. d4 cxd4 10.
Qxd4 Nbd7 11. Qd2 Rc8 12. Rfd1 a6 13. Rac1 Rc5 14. Ne1 Bxg2 15. Nxg2 Qb8 16. e4 Qb7 17.
Nd5 Nxd5 18. Bxg7 Kxg7 19. exd5 b5 20. Qg5 Ne5 21. Qe3 bxc4 22. bxc4 Rfc8 23. h4 h5 24. Nf4 Rxc4 25. Rxc4 Rxc4 26. Kg2 Qb2 27. Rd2 Qb1 28. Nh3 Rc1 29. f4 Rh1 30. Rf2 Ng4 31.
Qc3+ Kh7 32. Ng5+ Kg8 33. Qc8+ Kg7 34. Qc3+ f6 35. Ne6+ Kh6 36. f5 Rh2+ 0-1

[Event "Late-Titled-Tuesday-Blitz-April-16-2024"]
[Site "Chess.com"]
[Date "2024.04.16"]
[Round "4"]
[White "DinaBelenkaya"]
[Black "dianamirza"]
[Result "1-0"]
[WhiteElo "2432"]
[BlackElo "1932"]
[TimeControl "180+1"]
[EndTime "14:37:06 PDT"]
[Termination "DinaBelenkaya won by resignation"]

1. e4 c5 2. Nc3 a6 3. g3 b5 4. Bg2 Bb7 5. Nge2 e6 6. d4 cxd4 7.
Nxd4 Nc6 8. O-O Nf6 9. Re1 Bc5 10. Nb3 Bb6 11. e5 Ng8 12. Qg4 g6 13. Bg5 Qc7 14.
Rad1 h5 15. Qf4 Nge7 16. Bf6 Rg8 17. Ne4 O-O-O 18. Nd6+ Kb8 19. Bxe7 Nxe7 20. Nxb7 g5 21. Qb4 Rde8 22. N3c5 Nc6 23. Bxc6 Qxc6 24. Rd6 Qc8 25.
Rxb6 Ka7 26. Rxa6+ 1-0

[Event "Late-Titled-Tuesday-Blitz-April-16-2024"]
[Site "Chess.com"]
[Date "2024.04.16"]
[Round "4"]
[White "Kiborg95"]
[Black "Bryanl106"]
[Result "1/2-1/2"]
[WhiteElo "2852"]
[BlackElo "2708"]
[TimeControl "180+1"]
[EndTime "14:37:07 PDT"]
[Termination "Game drawn - insufficient material"]

1. e4 e5 2. Nf3 Nc6 3. Bc4 Nf6 4. d3 Bc5 5. O-O d6 6. c3 a5 7. Re1 O-O 8. h3 h6 9. Nbd2 a4 10. Bb5 Bd7 11. Nf1 Ne7 12. Bxd7 Qxd7 13. Ng3 Ng6 14.
d4 Bb6 15. Be3 exd4 16. cxd4 d5 17. Ne5 Qe6 18. Nxg6 fxg6 19. e5 Ne4 20. Nxe4 dxe4 21.
Qc2 Qd5 22. Rad1 Rad8 23. Qxa4 Ra8 24. Qb3 Rfd8 25. Qxd5+ Rxd5 26. a3 Kf7 27. Rc1 Ke6 28. Rc4 c6 29. Rec1 Rad8 30. Rb4 Bxd4 31. Bxd4 Rxd4 32.
Rxb7 Rd1+ 33. Rxd1 Rxd1+ 34. Kh2 Kxe5 35. Rxg7 Rd2 36.
Kg3 Rd6 37. Re7+ Kf5 38. Rc7 g5 39. a4 h5 40. b4 Rd4 41. Rb7 c5 42. Rb5 Rxb4 43.
Rxc5+ Kf6 44. a5 Ra4 45. h4 Ra3+ 46. Kh2 gxh4 47. Rxh5 Ra2 48. Rxh4 Rxf2 49. Kg3 Ra2 50. Rh5 e3 51. Kf3 Rf2+ 52. Kxe3 Rxg2 53. Kd4 Ke6 54. Kc5 Kd7 55. Kb6 Rb2+ 56. Ka7 Kc7 57. a6 Rb1 58. Rc5+ Kd7 59. Rc2 Kd8 60. Ka8 Kd7 61. a7 Kd8 62. Rh2 Kc7 63. Rh7+ Kc8 64. Rh8+ Kc7 65. Rh5 Rc1 66.
Rb5 Rg1 67. Rc5+ Kb6 68. Rc8 Rg7 69. Rb8+ Ka6 70. Rh8 Rxa7+ 71. Kb8 Rg7 72. Kc8 Ra7 73. Rh6+ Kb5 74. Rh5+ Kc4 75. Rh4+ Kd3 76. Rh6 Rg7 77. Kd8 Rg3 78. Ke8 Re3+ 79. Kf7 Ke2 80. Rf6 Rf3 81.
Rxf3 Kxf3 1/2-1/2

[Event "Late-Titled-Tuesday-Blitz-April-16-2024"]
[Site "Chess.com"]
[Date "2024.04.16"]
[Round "4"]
[White "SharathRk6"]
[Black "EcosseKillie"]
[Result "1-0"]
[WhiteElo "2394"]
[BlackElo "2246"]
[TimeControl "180+1"]
[EndTime "14:37:07 PDT"]
[Termination "SharathRk6 won by resignation"]

1. e4 Nf6 2. e5 Nd5 3. d4 d6 4. Nf3 g6 5. c4 Nb6 6. Nc3 Bg7 7. exd6 cxd6 8. Be2 O-O 9. O-O Nc6 10. Be3 Bg4 11.
b3 d5 12. c5 Nc8 13. h3 Bxf3 14. Bxf3 e6 15. Rc1 N8e7 16. Nb5 Nf5 17. g4 Nxe3 18. fxe3 Qg5 19. Qe2 Bh6 20. Rce1 f5 21. Nd6 Rab8 22. Kh1 Qh4 23. Qg2 Kh8 24. gxf5 gxf5 25.
Rg1 Qf6 26. Qh2 Ne7 27. Bh5 Ng6 28. Bxg6 hxg6 29. Qg2 Rg8 30. Qf3 Kh7 31. b4 g5 32.
b5 Rg7 33. e4 g4 34. Qf2 gxh3 35. exf5 Rbg8 36. Rxg7+ Rxg7 37. Rxe6 Qxf5 38. Qxf5+ 1-0

[Event "Late-Titled-Tuesday-Blitz-April-16-2024"]
[Site "Chess.com"]
[Date "2024.04.16"]
[Round "4"]
[White "jinxy2009"]
[Black "zano2023"]
[Result "0-1"]
[WhiteElo "2320"]
[BlackElo "2171"]
[TimeControl "180+1"]
[EndTime "14:37:12 PDT"]
[Termination "zano2023 won on time"]

1. e4 e5 2. Nf3 d6 3. d4 f5 4. exf5 e4 5. Bg5 Be7 6. Bxe7 Qxe7 7. Nfd2 Bxf5 8. Be2 d5 9. O-O Nf6 10. c4 c6 11. Nc3 O-O 12. Re1 e3 13. Bf3 exf2+ 14.
Kxf2 Qd6 15. Kg1 Nbd7 16. cxd5 cxd5 17. Rc1 a6 18. Nb3 Rae8 19. Qd2 Bg4 20. Rxe8 Rxe8 21.
Qf2 Rf8 22. Qg3 Qxg3 23. hxg3 Bxf3 24. gxf3 Nh5 25. Kg2 Nb6 26. Nc5 Rf7 27. Re1 Nf6 28.
g4 h6 29. b3 Kh7 30. Re6 Nbd7 31. Nxb7 Nf8 32. Rb6 Rc7 33. Na4 Ng6 34. Nbc5 Re7 35. Rxa6 Re2+ 36. Kg3 Rxa2 37. Nc3 Rc2 38. Nb5 h5 39. g5 h4+ 40. Kh3 Nh5 41. Nd6 Nhf4+ 42. Kg4 Rg2+ 43. Kf5 h3 44. Ra1 h2 0-1

[Event "Late-Titled-Tuesday-Blitz-April-16-2024"]
[Site "Chess.com"]
[Date "2024.04.16"]
[Round "4"]
[White "AlphaGoosee"]
[Black "BardArtem"]
[Result "0-1"]
[WhiteElo "2581"]
[BlackElo "2829"]
[TimeControl "180+1"]
[EndTime "14:37:13 PDT"]
[Termination "BardArtem won by resignation"]

1. e4 d5 2. exd5 Qxd5 3. Nc3 Qe5+ 4. Be2 Bg4 5. d4 Bxe2 6. Ngxe2 Qa5 7. b4 Qxb4 8. O-O Nf6 9. Rb1 Qc4 10. Rxb7 e6 11. Bf4 Na6 12. Qd3 Qxd3 13. cxd3 Kd7 14.
Rb3 Bb4 15. a3 Bxc3 16. Nxc3 Rab8 17. Rfb1 Rxb3 18. Rxb3 Rb8 19. Rxb8 Nxb8 20. Be5 Nc6 21.
f4 Ne8 22. d5 exd5 23. Nxd5 Nxe5 24. fxe5 Ke6 25. Nb4 Kxe5 26. Nc6+ Kd5 27. Nxa7 Nd6 28. a4 Kc5 29. a5 Kb4 30. Nc6+ Kb5 31. Ne5 Kxa5 32.
Kf2 Kb4 33. Ke3 Kc5 34. Nf3 Kd5 35. g4 f6 36. h4 c5 37. Ne1 Nf7 38. Ng2 g5 39.
hxg5 fxg5 40. Ne1 Ne5 41. Nc2 Nxg4+ 42. Kf3 Ne5+ 43. Ke3 h5 44. Ne1 h4 45. Ng2 h3 46.
Ne1 h2 0-1

[Event "Late-Titled-Tuesday-Blitz-April-16-2024"]
[Site "Chess.com"]
[Date "2024.04.16"]
[Round "4"]
[White "TiagoMangialardo"]
[Black "HanSchut"]
[Result "0-1"]
[WhiteElo "2069"]
[BlackElo "2321"]
[TimeControl "180+1"]
[EndTime "14:37:13 PDT"]
[Termination "HanSchut won on time"]

1. e4 c5 2. Nf3 d6 3. Bb5+ Nd7 4.
a4 Nf6 5. Qe2 g6 6. h3 Bg7 7. O-O O-O 8. c3 a6 9. Bc4 Ne5 10.
Nxe5 dxe5 11. d3 Bd7 12. a5 Bb5 13. Be3 Bxc4 14. dxc4 Qc7 15. Nd2 Rfd8 16. f4 exf4 17. Bxf4 Qc6 18. e5 Nd7 19. Rae1 Nf8 20. Qf2 Rac8 21.
Ne4 h6 22. Bg3 f5 23. exf6 exf6 24. Nxf6+ Bxf6 25. Qxf6 Qxf6 26. Rxf6 Rd7 27. Bd6 Kg7 28. Ref1 Nh7 29. Re6 Ng5 30. Be5+ Kh7 31. Rb6 Nf7 0-1

[Event "Late-Titled-Tuesday-Blitz-April-16-2024"]
[Site "Chess.com"]
[Date "2024.04.16"]
[Round "4"]
[White "IPAchess"]
[Black "OPQRC"]
[Result "1-0"]
[WhiteElo "2396"]
[BlackElo "2566"]
[TimeControl "180+1"]
[EndTime "14:37:14 PDT"]
[Termination "IPAchess won by resignation"]

1. d4 Nf6 2. c4 e6 3. Nf3 d5 4.
Nc3 c5 5. cxd5 Nxd5 6. e4 Nxc3 7.
bxc3 cxd4 8. cxd4 Bb4+ 9. Bd2 Bxd2+ 10. Qxd2 O-O 11. h4 Nc6 12. Rd1 Bd7 13. Be2 Rc8 14.
d5 exd5 15. exd5 Ne7 16. O-O Nf5 17. Qf4 Re8 18. Bd3 Qf6 19. Rfe1 h6 20. Re5 Rxe5 21.
Nxe5 Ba4 22. Qxf5 Qxf5 23. Bxf5 Re8 24. Re1 f6 25. Nd3 Rxe1+ 26. Nxe1 Kf8 27. Nd3 Ke7 28. h5 Bc2 29. g4 Kd6 30. Nf4 Bd1 31. Kg2 a5 32.
Ne6 b5 33. Nxg7 b4 34. Ne8+ Kxd5 35. Nxf6+ Kd4 36. g5 Ke5 37. Bg4 Bxg4 38. Nxg4+ Kf5 39. gxh6 a4 40. h7 b3 41. axb3 1-0

[Event "Late-Titled-Tuesday-Blitz-April-16-2024"]
[Site "Chess.com"]
[Date "2024.04.16"]
[Round "4"]
[White "laskakid"]
[Black "kleber2007"]
[Result "0-1"]
[WhiteElo "2361"]
[BlackElo "2527"]
[TimeControl "180+1"]
[EndTime "14:37:14 PDT"]
[Termination "kleber2007 won by resignation"]

1. e4 e5 2. Nf3 Nf6 3. d3 c6 4. g3 Be7 5. Bg2 d6 6. O-O O-O 7. c3 Nbd7 8. b4 a5 9. bxa5 Qxa5 10. Qc2 Qa4 11. Qe2 Nc5 12. Nbd2 Qa6 13. Re1 Qxd3 14.
Qd1 Qa6 15. Bf1 Qa4 16. Qe2 b5 17. Bb2 Be6 18. a3 Qc2 19. Reb1 Nfxe4 20. Nxe4 Qxe4 21. Qd1 Qa4 22. Be2 Qxd1+ 23. Rxd1 f6 24. Nd2 d5 25. Nf1 Na4 26. Rd2 Nxb2 27. Rxb2 Rxa3 28. Rxa3 Bxa3 29. Ra2 Bc5 30. Ra6 Rc8 31. Bxb5 cxb5 32. Rxe6 d4 33. cxd4 Bxd4 34. Ne3 Bxe3 35. fxe3 Rb8 36.
Rc6 b4 37. Rc2 b3 38. Rb2 Kf7 39. Kf2 Ke6 40. Ke2 Kf5 41. Kf3 e4+ 42. Ke2 Ke5 43. Kd2 f5 44. h4 g6 45. Kc3 h6 46. Rxb3 Rxb3+ 47. Kxb3 g5 48. hxg5 hxg5 49. Kc3 f4 50.
gxf4+ gxf4 51. Kd2 f3 52. Ke1 Kd5 53. Kf2 Kc4 0-1

[Event "Late-Titled-Tuesday-Blitz-April-16-2024"]
[Site "Chess.com"]
[Date "2024.04.16"]
[Round "4"]
[White "esrosenberg"]
[Black "ACollins05"]
[Result "0-1"]
[WhiteElo "2339"]
[BlackElo "2514"]
[TimeControl "180+1"]
[EndTime "14:37:14 PDT"]
[Termination "ACollins05 won by checkmate"]

1. d4 b5 2. Nf3 Bb7 3. Bf4 e6 4. e3 a6 5. Nbd2 Nf6 6. h3 c5 7. c3 Nc6 8. Bd3 Be7 9. O-O O-O 10.
Rc1 Rc8 11. Bb1 d6 12. Bh2 Qb6 13. Qe2 Rfd8 14. Rfd1 Bf8 15. Nf1 cxd4 16. exd4 b4 17. Ne3 bxc3 18. bxc3 a5 19. Ng4 Nxg4 20. hxg4 g6 21. Ng5 Ne7 22. Nxe6 fxe6 23. Qxe6+ Kh8 24. Qf6+ Kg8 25. Qe6+ Kg7 26. g5 Nd5 27. Be4 Re8 28.
Qd7+ Re7 29. Qg4 Ne3 30. fxe3 Rxe4 31. Qh3 Rce8 32. Rb1 Qc6 33. Bf4 R4e7 34. Rb3 Rf7 35. Rdb1 Bc8 36. Qg3 Be6 37. Rb6 Qe4 38. Bxd6 Bxd6 39.
Qxd6 Bxa2 40. Re1 Bd5 41. Qh2 Ref8 42. Qh6+ Kg8 43. Re2 Bc4 44. Re1 Bd5 45. Re2 Qg4 46.
Rbb2 Qg3 47. e4 Rf1# 0-1

[Event "Late-Titled-Tuesday-Blitz-April-16-2024"]
[Site "Chess.com"]
[Date "2024.04.16"]
[Round "4"]
[White "HansOnTwitch"]
[Black "DanielDardha2005"]
[Result "1-0"]
[WhiteElo "3169"]
[BlackElo "2867"]
[TimeControl "180+1"]
[EndTime "14:37:16 PDT"]
[Termination "HansOnTwitch won by resignation"]

1. e4 c5 2. Nf3 Nc6 3. Bb5 e6 4. O-O Nge7 5. Re1 a6 6. Bf1 d5 7. exd5 Nxd5 8. d4 cxd4 9. Nxd4 Bd7 10. Nf3 Nf6 11. Be3 Qc7 12. h3 Bd6 13. c4 O-O 14. Nc3 Rad8 15. Rc1 Bf4 16. Qd2 Bxe3 17. Qxe3 Ne7 18.
Qe5 Qxe5 19. Nxe5 Nc6 20. Nf3 Rb8 21. Red1 Rfd8 22. a3 Be8 23. b4 Kf8 24. c5 Ke7 25. g3 Rxd1 26. Rxd1 Rd8 27. Rxd8 Nxd8 28. Ne5 Nc6 29.
Nc4 Nd5 30. Nxd5+ exd5 31. Nd6 Nd4 32. Nxb7 Bb5 33. Bxb5 Nxb5 34. a4 Nc3 35. a5 d4 36.
Kf1 Kd7 37. Ke1 Nd5 38. b5 axb5 39. a6 Kc8 40. Nd6+ Kb8 41. Nxb5 Nb4 42. a7+ Kb7 43.
Kd2 Na6 44. c6+ Ka8 45. c7 Nxc7 46. Nxc7+ 1-0

[Event "Late-Titled-Tuesday-Blitz-April-16-2024"]
[Site "Chess.com"]
[Date "2024.04.16"]
[Round "4"]
[White "Bykov_Egor"]
[Black "Byniolus"]
[Result "1-0"]
[WhiteElo "2599"]
[BlackElo "2827"]
[TimeControl "180+1"]
[EndTime "14:37:18 PDT"]
[Termination "Bykov_Egor won on time"]

1. d4 d6 2. Nf3 Bg4 3. g3 Bxf3 4. exf3 c6 5. c4 e6 6. d5 exd5 7. cxd5 c5 8. Bb5+ Nd7 9. O-O Be7 10. Nc3 a6 11. Be2 Ngf6 12. g4 O-O 13. a4 Rc8 14. Re1 Ne8 15. Ne4 f5 16. Ng3 fxg4 17. fxg4 Bf6 18.
Ra3 g6 19. Ne4 Be5 20. g5 Ng7 21. Bg4 Nf5 22. Rh3 Rf7 23. f4 Bd4+ 24. Kg2 Qf8 25. Ng3 Bg7 26. Nxf5 gxf5 27. Bh5 Re7 28. Re6 Nb6 29.
Rhe3 1-0